 Dungeon Crawl Stone Soup version 0.29.1-13-g9f3cf754e1 (webtiles) character file.

Game seed: 3956844385668659778

66 croobank the Trooper (level 3, -2/29 HPs)
             Began as a Demonspawn Abyssal Knight on Jan 28, 2023.
             Was a Priest of Lugonu.
             Splashed by a jelly's acid (6 damage)
             ... on level 3 of the Dungeon.
             The game lasted 00:05:03 (2696 turns).

croobank the Trooper (Demonspawn Abyssal Knight)    Turns: 2696, Time: 00:05:04

Health: -2/29      AC:  0    Str: 13    XL:     3   Next: 96%
Magic:  5/5        EV: 12    Int: 13    God:    Lugonu [***...]
Gold:   34         SH:  0    Dex: 13    Spells: 2/2 levels left

rFire   . . .      SeeInvis +   a - +1 hand axe
rCold   . . .      Faith    .   (no shield)
rNeg    . . .      Spirit   .   b - +0 leather armour
rPois   .          Reflect  .   (helmet restricted)
rElec   .          Harm     .   (no cloak)
rCorr   .          Rampage  .   (no gloves)
Will    .....                   (no boots)
Stlth   +.........              (no amulet)
HPRegen 0.09/turn               j - ring of see invisible
MPRegen 0.09/turn               (no ring)

@: corroded
A: horns 1, sturdy frame 1
a: Renounce Religion, Depart the Abyss, Bend Space, Banish


You were on level 3 of the Dungeon.
You worshipped Lugonu.
Lugonu was most pleased with you.
You visited 1 branch of the dungeon, and saw 3 of its levels.
You visited the Abyss 1 time.

You collected 86 gold pieces.
You spent 52 gold pieces at shops.

Inventory:

Hand Weapons
 a - a +1 hand axe (weapon)
 g - a +0 dagger
Missiles
 l - 5 poisoned darts
Armour
 b - a +0 leather armour (worn)
Jewellery
 j - a ring of see invisible (left hand)
 k - a ring of fire
Scrolls
 f - a scroll of enchant armour {unknown}
 i - a scroll of vulnerability
Potions
 c - a potion of haste
 d - 3 potions of curing
 e - 2 potions of heal wounds {unknown}
 h - a potion of brilliance {unknown}


   Skills:
 + Level 3.4 Fighting
 + Level 2.3 Axes
 + Level 2.3 Armour
 + Level 1.6 Dodging
 + Level 3.2 Invocations


You had 2 spell levels left.
You didn't know any spells.
Your spell library was empty.

Dungeon Overview and Level Annotations

Branches:
Dungeon (3/15)

Altars:

Shops:
D:1 *?([


Innate Abilities, Weirdness & Mutations

You have a pair of small horns on your head.
Your movements are slightly less encumbered by armour. (ER -2)


Message History

The hobgoblin barely misses you.
You hit the hobgoblin but do no damage.
The hobgoblin hits you but does no damage.
You hit the hobgoblin.
The hobgoblin is moderately wounded.
The hobgoblin closely misses you.
You hit the hobgoblin but do no damage.
The hobgoblin is moderately wounded.
The hobgoblin hits you.
You hit the hobgoblin.
You kill the hobgoblin!
Lugonu accepts your kill.
HP restored.
You now have 34 gold pieces (gained 7).
You see here a hobgoblin corpse.
Found a stone staircase leading down.
d - 3 potions of curing (gained 2)
A rat comes into view.
The rat closely misses you.
You hit the rat.
You kill the rat!
Lugonu accepts your kill.
You can now banish your foes.
No target in view!
A jelly comes into view.
The jelly quivers.
The jelly hits you but does no damage.
You slash the jelly!
Your hands burn!
The jelly is heavily wounded.
The jelly hits you. The acid corrodes you!
You are splashed with acid!
You are too injured to fight recklessly!
You are too injured to fight recklessly!
You are too injured to fight recklessly!
Okay, then.
You hit the jelly.
Your hands burn!
* * * LOW HITPOINT WARNING * * *
The jelly is severely wounded.
The jelly hits you.
* * * LOW HITPOINT WARNING * * *
You are splashed with acid.
You die...

###################
#........#........####
#.######.#.#####.....#
###.#.#####.....#
#...............#
#.####.#.#.####.......
#...J@.#.#.####.......
########.#.#..........
..#....##......
#####.# ##+###. ####.#
#.#... #....####.#.##
#.......†.....
#.....<.#.#.##
+......†#.#>#


You could see a jelly.

Vanquished Creatures
  2 adders (D:2)
  2 worms (D:2)
  3 dart slugs (D:2)
  2 endoplasms
  2 giant cockroaches (D:2)
  4 hobgoblins
  5 kobolds
  A quokka (D:2)
  2 ball pythons
  7 bats
  A frilled lizard (D:2)
  2 goblins (D:2)
  4 rats
37 creatures vanquished.

Notes
Turn   | Place    | Note
-------+----------+-------------------------------------------
     0 | Abyss:1  | croobank the Demonspawn Abyssal Knight began the quest for
                  | the Orb.
     0 | Abyss:1  | Reached XP level 1. HP: 18/18 MP: 2/2
     1 | D:1      | Escaped the Abyss
   245 | D:1      | Reached skill level 1 in Dodging
   479 | D:1      | Gained mutation: You have a pair of small horns on your
                  | head. [demonic ancestry]
   479 | D:1      | Reached XP level 2. HP: 20/24 MP: 4/4
   614 | D:1      | Found Ovvaomal's Assorted Antiques.
   625 | D:1      | Bought a scroll labelled LOSCHI TAPOAMOPH for 24 gold
                  | pieces
   758 | D:1      | Found Onupry's Antique Armour Shop.
   773 | D:1      | Found Ceenir's Antique Weapon Shop.
   782 | D:1      | Found a faded altar of an unknown god.
   823 | D:1      | Found Caduopla's Magic Scroll Shoppe.
   831 | D:1      | Bought a scroll of identify for 28 gold pieces
  1498 | D:2      | Gained mutation: Your movements are slightly less
                  | encumbered by armour. (ER -2) [demonic ancestry]
  1498 | D:2      | Reached XP level 3. HP: 15/29 MP: 5/5
  2676 | D:3      | Reached *** piety under Lugonu
  2696 | D:3      | Splashed by a jelly's acid

Illustrated notes

Levels and vault maps discovered:
D:1:      mrwooster_arrival_statue, layout_basic, basic_ecumenical_altar,
          serial_shops, nicolae_shop_advertising_works
          [nicolae_subvault_shop_adworks], nicolae_shop_hallway_stairs,
          nicolae_shop_crystal, shop
D:2:      layout_basic
D:3:      layout_basic, gammafunk_ghost_smash

Skill      XL: |  1  2 |
---------------+-------+-----
Dodging        | 1 |  1.6
Axes           | 2 |  2.3
Armour         | 2 |  2.3
Invocations    | 3 |  3.2
Fighting       | |  3.4

Action                   || total
-------------------------++-------
Melee: Hand axe          ||   112
       Headbutt          ||    17
  Use: Scroll            ||     9
Armor: Leather armour    ||    46
Dodge: Dodged            ||    73
